 Dungeon Crawl Stone Soup version 0.31-a0-1202-ga8fea8b373 (webtiles) character file.

Game seed: 2965938293869165931

5515 Inarius the Cleaver (level 10, -1/79 HPs)
             Began as a Mummy Fighter on Dec 12, 2023.
             Was a Believer of Makhleb.
             Slain by a gargoyle
             ... wielding a +0 flail
              (12 damage)
             ... on level 8 of the Dungeon.
             The game lasted 00:10:13 (7203 turns).

Inarius the Cleaver (Mummy Fighter)                 Turns: 7203, Time: 00:10:13

Health: -1/79      AC: 18    Str: 24    XL:     10   Next: 43%
Magic:  12/12      EV:  8    Int:  8    God:    Makhleb [**....]
Gold:   277        SH:  4    Dex: 11    Spells: 9/9 levels left

rFire   x . .        u - +4 war axe of Circularity {drain, Stlth+}
rCold   + . .        c - +0 buckler
rNeg    + + +        t - +0 chain mail
rPois   ∞            l - +0 helmet
rElec   .            r - +0 cloak
rCorr   +            q - +0 pair of gloves
SInv    .            s - +0 pair of boots
Will    +....        x - amulet of magic regeneration Stlth
                     o - ring of resist corrosion
HPRegen 0.33/turn    p - +4 ring of protection
MPRegen 0.53/turn

%: faith
@: no status effects
A: cold resistance 1, negative energy resistance 3, torment resistance 2, heat
vulnerability 1, in touch with death 1, no potions, faith
a: Renounce Religion, Minor Destruction


You were on level 8 of the Dungeon.
You worshipped Makhleb.
Makhleb was pleased with you.
You visited 2 branches of the dungeon, and saw 9 of its levels.

You collected 403 gold pieces.
You spent 126 gold pieces at shops.

Inventory:

Hand Weapons
 u - the +4 war axe of Circularity (weapon) {drain, Stlth+}
   (You found it on level 6 of the Dungeon)

   Stlth+:    It makes you more stealthy.
Missiles
 f - 12 boomerangs (quivered)
 h - 6 javelins
 j - a throwing net
Armour
 c - a +0 buckler (worn)
 l - a +0 helmet (worn)
 q - a +0 pair of gloves (worn)
 r - a +0 cloak (worn)
 s - a +0 pair of boots (worn)
 t - a +0 chain mail (worn)
Jewellery
 o - a ring of resist corrosion (left hand)
 p - a +4 ring of protection (right hand)
 x - an amulet of magic regeneration (around neck)
Wands
 a - a wand of flame (20)
 w - a wand of acid (7)
 y - a wand of roots (6)
Scrolls
 b - 3 scrolls of poison {unknown}
 d - 3 scrolls of teleportation
 e - 7 scrolls of identify
 g - 2 scrolls of enchant armour {unknown}
 i - a scroll of blinking {unknown}
 k - 2 scrolls of vulnerability {unknown}
 m - 2 scrolls of fog {unknown}
 n - 2 scrolls of amnesia {unknown}
 v - a scroll of butterflies {unknown}


   Skills:
 + Level 7.4 Fighting
 + Level 8.2 Axes
 - Level 2.1 Throwing
 + Level 5.2 Armour
 + Level 3.8 Shields
 * Level 3.5 Invocations
 * Level 5.0 Evocations


You had 9 spell levels left.
You didn't know any spells.
Your spell library contained the following spells:

 Spells                   Type           Power      Damage    Failure   Level
 Apportation              Tloc           0%         N/A       95%         1
 Cigotuvi's Dreadful Rot  Necr/Pois/Air  0%         N/A       99%         2
 Jinxbite                 Hex            0%         N/A       99%         2
 Frozen Ramparts          Ice            0%         1d1       100%        3
 Inner Flame              Hex/Fire       0%         N/A       100%        3
 Dispel Undead            Necr           0%         3d6       100%        4
 Manifold Assault         Tloc           0%         N/A       100%        4
 Petrify                  Tmut/Erth      0%         N/A       100%        4
 Alistair's Intoxication  Tmut/Pois      0%         N/A       100%        5
 Metabolic Englaciation   Hex/Ice        0%         N/A       100%        5
 Yara's Violent Unravell  Hex/Tmut       0%         3d3       100%        5
 Death Channel            Necr           0%         N/A       100%        6
 Dispersal                Tloc           0%         N/A       100%        6
 Enfeeble                 Hex            0%         N/A       100%        7
 Malign Gateway           Summ/Tloc      0%         N/A       100%        7
 Summon Hydra             Summ           0%         N/A       100%        7
 Disjunction              Tloc           0%         N/A       100%        8
 Summon Horrible Things   Summ           0%         N/A       100%        8
 Sublimation of Blood     Necr           Unusable   N/A       N/A         2
 Wereblood                Tmut           Unusable   N/A       N/A         2

Dungeon Overview and Level Annotations

Branches:
Dungeon (8/15)             Temple (1/1) D:5
   Lair: D:8-11

Altars:
Ashenzari
Cheibriados
Dithmenos
Fedhas
Hepliaklqana
Kikubaaqudgha
Makhleb
Nemelex Xobeh
Okawaru
Qazlal
Ru
Sif Muna
Trog
Uskayaw
Vehumet
Wu Jian
Xom
Yredelemnul

Shops:
D:1 [

Annotations:
D:3 exclusion: statue
D:5 2 runed translucent doors, JaaP's ghost, novice DjFE


Innate Abilities, Weirdness & Mutations

You are immune to poison.
Your flesh is cold resistant. (rC+)
You are immune to negative energy. (rN+++)
You are immune to unholy pain and torment.
You are vulnerable to heat. (rF-)
You are in touch with the powers of death.
You do not drink.
You have a special connection with the divine. (Faith)


Message History

a +0 dagger; a +0 robe
Things that are here:
a +0 battleaxe; a +0 robe You see here a +0 pair of boots.
Key pressed, stopping explore.
The gargoyle hits you with a +0 flail!
You slash the gargoyle!
The gargoyle is moderately damaged.
The gargoyle hurls a stone arrow at you.
The stone arrow hits you.
You closely miss the gargoyle.
The gargoyle is moderately damaged.
The gargoyle barely misses you.
The gargoyle hurls a stone arrow at you.
The stone arrow hits you!
You hit the gargoyle but do no damage.
The gargoyle is moderately damaged.
The gargoyle hits you but does no damage.
You hit the gargoyle.
The gargoyle is moderately damaged.
The gargoyle hits you with a +0 flail.
You hit the gargoyle but do no damage.
The gargoyle is moderately damaged.
The gargoyle hits you with a +0 flail.
You hit the gargoyle.
The gargoyle is heavily damaged.
The gargoyle closely misses you.
You slash the gargoyle!
The gargoyle is severely damaged.
The gargoyle hurls a stone arrow at you.
The stone arrow hits you!
You closely miss the gargoyle.
The gargoyle is severely damaged.
The gargoyle hurls a stone arrow at you.
The stone arrow hits you!!
* * * LOW HITPOINT WARNING * * *
You barely miss the gargoyle.
The gargoyle is severely damaged.
The gargoyle hits you with a +0 flail!
You die...

<#...........# #..#...##.#.#.#.#
##.##........# ##.####.##.#.#.#.#
##.##........# #..###...##.#.#.##
)..##........###.###.W#.##.#.#.##
#####........#...##..##..##.#.##.
................##[.##...##.#.###
..........####..#..##..##.##.##..
..#####...# #.##9##[.##..##)##.#
.##._.##..# ##.#@#########.##.##.
..##.##...# #..#.##.#.#.#.#.##.##
..........###.##.###.#.#.#.###.##
.8.....8.###..###.###.#(#.###.###
...8.8..####.##..###.#.#.#.##.#.#
.......## #..#.######.#.#÷##.##..
.....### ##.##....[###.#)###.#...
....## #..#######.###.###.##...
...## #.##......###.#.##.#....


You could see a wraith and a gargoyle.

Vanquished Creatures
  A two-headed ogre (D:6)
  Jeremiah (D:8)
  Grinder (D:3)
  A wyvern (D:8)
  A basilisk (D:8)
  A steam dragon (D:8)
  4 yaks (D:8)
  2 water moccasins
  5 ice beasts
  An orc warrior (D:8)
  2 black bears
  3 ogres
  2 sky beasts
  4 centaurs
  7 bullfrogs
  A kobold brigand (D:8)
  A gnoll sergeant (D:8)
  A scorpion (D:6)
  3 wights (D:8)
  3 howler monkeys
  2 hounds
  5 orc priests
  2 jellies
  2 gnoll boudas
  2 iguanas
  A sleepcap (D:6)
  7 orc wizards
  Robin (D:2)
  10 gnolls
  10 adders
  A shadow imp (D:6)
  2 worms
  4 dart slugs
  18 orcs
  2 ball pythons
  5 endoplasms
  2 giant cockroaches
  13 goblins
  3 hobgoblins
  3 jackals (D:3)
  2 quokkas
  3 bats
  A frilled lizard (D:3)
  4 kobolds
  6 rats
  A butterfly (D:7)
157 creatures vanquished.

Notes
Turn   | Place    | Note
-------+----------+-------------------------------------------
     0 | D:1      | Inarius the Mummy Fighter began the quest for the Orb.
     0 | D:1      | Reached XP level 1. HP: 18/18 MP: 1/1
   169 | D:1      | Reached XP level 2. HP: 24/24 MP: 2/2
   224 | D:1      | Found Feulul's Armour Emporium.
   873 | D:2      | Reached skill level 2 in Axes
   899 | D:2      | Reached XP level 3. HP: 23/29 MP: 3/3
  1208 | D:2      | Noticed Robin
  1233 | D:2      | HP: 1/29 [goblin/+0 dagger[Robin] (3)]
  1237 | D:1      | Reached XP level 4. HP: 3/36 MP: 4/4
  1371 | D:2      | Killed Robin
  2036 | D:3      | Found a radiant altar of Vehumet.
  2036 | D:3      | Noticed a frost-covered statue
  2056 | D:3      | Noticed Grinder
  2331 | D:3      | Paralysed by Grinder for 5 turns
  2337 | D:3      | Killed Grinder
  2338 | D:3      | Reached skill level 3 in Axes
  2338 | D:3      | Reached skill level 1 in Evocations
  2338 | D:3      | Reached XP level 5. HP: 33/42 MP: 5/5
  2338 | D:3      | Reached XP level 6. HP: 38/48 MP: 6/6
  2399 | D:3      | You fall into a shaft and drop 1 floor!
  2530 | D:1      | Bought a +0 cloak for 63 gold pieces
  3175 | D:4      | Reached skill level 1 in Throwing
  3305 | D:5      | Entered Level 5 of the Dungeon
  3366 | D:1      | Bought a +0 pair of boots for 63 gold pieces
  3440 | D:5      | Found an ornate altar of the Wu Jian Council.
  3481 | D:5      | Found a stormy altar of Qazlal.
  3489 | D:5      | Found a hazy altar of Hepliaklqana.
  3503 | D:5      | Noticed an ice beast
  3520 | D:5      | Killed an ice beast
  3521 | D:5      | Reached XP level 7. HP: 30/55 MP: 7/7
  3623 | D:5      | Reached skill level 4 in Axes
  3864 | D:5      | Found a staircase to the Ecumenical Temple.
  3931 | D:5      | Found a large runed translucent door.
  3932 | D:5      | Found a large runed translucent door.
  3933 | D:5      | Noticed JaaP's ghost (novice DjFE)
  4047 | Temple   | Entered the Ecumenical Temple
  4061 | Temple   | Became a worshipper of Makhleb the Destroyer
  4089 | D:5      | Found a bloodstained altar of Trog.
  4235 | D:6      | Reached skill level 5 in Fighting
  4245 | D:6      | Reached XP level 8. HP: 52/62 MP: 8/8
  4277 | D:6      | Noticed a two-headed ogre
  4281 | D:6      | Reached skill level 5 in Axes
  4392 | D:6      | Killed a two-headed ogre
  4393 | D:6      | Reached skill level 6 in Axes
  4500 | D:6      | Reached XP level 9. HP: 60/69 MP: 9/9
  4644 | D:6      | Reached * piety under Makhleb
  4745 | D:6      | Identified the +4 war axe of Circularity {drain, Stlth+}
  4954 | D:7      | Reached skill level 1 in Invocations
  5504 | D:7      | Found a shadowy altar of Dithmenos.
  5683 | D:7      | Reached skill level 7 in Axes
  5746 | D:7      | Found a shimmering altar of Xom.
  6129 | D:8      | Reached ** piety under Makhleb
  6227 | D:8      | Reached XP level 10. HP: 71/79 MP: 10/12
  6313 | D:8      | Reached skill level 5 in Armour
  6468 | D:8      | Reached skill level 8 in Axes
  6528 | D:8      | Noticed a four-headed hydra
  6528 | D:8      | Noticed a cyclops
  6528 | D:8      | Noticed a purple ugly thing
  6528 | D:8      | Noticed a manticore
  6528 | D:8      | Noticed a gargoyle
  6528 | D:8      | Noticed a boulder beetle
  6809 | D:8      | Noticed Jeremiah
  6838 | D:8      | Killed Jeremiah
  6857 | D:8      | Reached skill level 5 in Evocations
  7203 | D:8      | Slain by a gargoyle

Illustrated notes

Levels and vault maps discovered:
D:1:      tarquinn_simple_flora_water_f, layout_loops_corners, serial_glass,
          glass_columns_b, glass_columns_c, serial_shops, shop
D:2:      layout_basic, chequers_serial_rivers_large_b, minmay_tetromino_l2,
          uniq_robin
D:3:      layout_rooms, vehumet_statue, uniq_grinder
D:4:      layout_loops_ring
D:5:      layout_rooms, nicolae_wu_jian_wuxing_cycle,
          mainiacjoe_overflow_catwalk_spiral, gammafunk_temple_overflow_pools,
          minmay_temple_entry_stoned_glass, ebering_ghost_disaster_area
D:6:      layout_rooms
D:7:      layout_gridville, xom_butterflies, mainiacjoe_overflow_cross_hatched,
          kennysheep_mini
D:8:      minmay_the_grid_triangle_9x9_rhombus_full
          [minmay_the_grid_triangle_9x9_semitri,
          minmay_the_grid_triangle_9x9_stretched_checkered,
          minmay_the_grid_triangle_9x9_impossible_snake,
          minmay_the_grid_triangle_9x9_checkered,
          minmay_the_grid_triangle_9x9_cache,
          minmay_the_grid_triangle_9x9_shrine,
          minmay_the_grid_triangle_9x9_corruption,
          minmay_the_grid_triangle_9x9_prize_top_heavy], layout_basic,
          zin_statuary, chequers_serial_rivers_micro_e, uniq_jeremiah
Temple:   jpeg_temple_clearing

Skill      XL: |  1  2  3  4  5  6  7  8  9 10 |
---------------+-------------------------------+-----
Axes           | 2 3 4 6 7 8 |  8.2
Fighting       | 4 5 7 |  7.4
Armour         | 3 4 5 |  5.2
Evocations     | 1 2 3 4 5 |  5.0
Throwing       | 1 2 |  2.1
Shields        | 3 |  3.8
Invocations    | 2 3 |  3.5

Action                     |  1- 3 |  4- 6 |  7- 9 | 10-12 || total
---------------------------+-------+-------+-------+-------++-------
  Melee: War axe           |    91 |   116 |   265 |   102 ||   574
  Throw: Boomerang         |    11 |    16 |    44 |       ||    71
  Evoke: Wand              |       |    11 |     2 |     5 ||    18
    Use: Scroll            |       |       |       |     2 ||     2
 Armour: Scale mail        |    93 |    84 |    22 |       ||   199
         Chain mail        |       |       |   229 |    84 ||   313
  Dodge: Dodged            |    47 |    45 |   118 |    25 ||   235
  Block: Buckler           |    35 |    20 |    69 |     9 ||   133

Table legend: (Time is in decaauts)
 A = Elapsed time spent in this place.
 B = Non-inter-level travel time spent in this place.
 C = Inter-level travel time spent in this place.
 D = Time resting spent in this place.
 E = Time spent auto-exploring this place.
 F = Levels seen in this place.
 G = Mean time per level.
                   A        B        C        D        E       F      G
               +--------+--------+--------+--------+--------+-----+--------+
         Total |   7417 |   6777 |    640 |    777 |   4418 |   9 |  824.1 |
       Dungeon |   7388 |   6775 |    613 |    777 |   4418 |   8 |  923.5 |
        Temple |     28 |      1 |     27 |      0 |      0 |   1 |   28.0 |
               +--------+--------+--------+--------+--------+-----+--------+

Top non-repeatable levels by time:
     D:8: 1425 daAuts
     D:1: 1110 daAuts
     D:2: 1066 daAuts
     D:7: 881 daAuts
     D:5: 871 daAuts
     D:4: 721 daAuts
     D:3: 658 daAuts
     D:6: 653 daAuts
  Temple: 28 daAuts
